 Dungeon Sprint DCSS version 0.30-a0-272-gf98c3da03f (webtiles) character file.

Game seed: 13951040344629465535

16957 rocky1 the Warrior (level 12, -6/105 HPs)
             Began as a Djinni Fire Elementalist on Oct 15, 2022.
             Was an Initiate of Gozag.
             Killed from afar by an ice dragon (47 damage)
             ... with a blast of cold
             ... in the Dungeon (Sprint III: "The Ten Rune Challenge").
             The game lasted 00:33:50 (6718 turns).

rocky1 the Warrior (Djinni Fire Elementalist)       Turns: 6718, Time: 00:33:51

Health: -6/105     AC:  7    Str:  7    XL:     12   Next: 76%
Gold:   3094       EV: 19    Int: 21    God:    Gozag SH:  0 Dex: 23

rFire   + + +      SeeInvis .    q - +1 scimitar (flame)
rCold   . . .      Faith    .    (no shield)
rNeg    . . .      Spirit   .    x - +1 robe of the Three Heavens {rC+}
rPois   ∞          Reflect  .    o - +1 helmet
rElec   .          Harm     .    c - +0 cloak
rCorr   .          Rampage  .    (no gloves)
Will    ++...      NoTele   +    (boots unavailable)
Stlth   +++.......               e - amulet of the acrobat
HPRegen 0.37/turn                f - ring "Ebbim" {Drain rF++ Will+ Int+2 Stlth+}
MPRegen 0.00/turn                n - +6 ring of dexterity

@: gold aura, flying
A: sickness immunity, fire resistance 2, cold vulnerability 1, float, innate
caster, HP casting, extra vitality 1
a: Renounce Religion, Potion Petition, Call Merchant, Bribe Branch


You were in the Dungeon.
You worshipped Gozag.
Gozag was most pleased with you.
You visited 1 branch You collected 10910 gold pieces.
You spent 3676 gold pieces at shops.
You paid 4140 gold pieces to Gozag.

Inventory:

Hand Weapons
 j - a +3 falchion of holy wrath
 m - a +1 long sword of holy wrath
 q - a +1 scimitar of flaming (weapon)
 r - a +0 vampiric long sword
 v - a +4 great sword of electrocution
 w - a +1 scimitar of electrocution
Armour
 c - a +0 cloak (worn)
 o - a +1 helmet (worn)
 x - the +1 robe of the Three Heavens (worn) {rC+}
   (You bought it in a shop in the Dungeon)

   rC:        It protects you from cold.
Jewellery
 e - an amulet of the acrobat (around neck)
 f - the ring "Ebbim" (left hand) {Drain rF++ Will+ Int+2 Stlth+}
   (You bought it in a shop in the Dungeon)

   [ring of willpower]

   Int:       It affects your intelligence (+2).
   rF:        It greatly protects you from fire.
   Drain:     It drains your maximum health when unequipped.
   Will:      It increases your willpower.
   Stlth:     It makes you more stealthy.
 n - a +6 ring of dexterity (right hand)
Wands
 p - a wand of iceblast (5)
 z - a wand of acid (4)
Scrolls
 h - 2 scrolls of torment
 i - 4 scrolls of identify
 k - 3 scrolls of poison
 s - 2 scrolls of butterflies
 t - a scroll of blinking
 u - a scroll of fear
Potions
 a - 2 potions of degeneration {unknown}
 b - 3 potions of curing
 d - 2 potions of haste
 g - 6 potions of mutation
Miscellaneous
 l - a tin of tremorstones (2/2)
 y - a lightning rod (4/4)
 A - a condenser vane


   Skills:
 + Level 16.7 Fighting
 + Level 13.5 Long Blades
 + Level 7.1 Armour
 + Level 8.3 Dodging
 - Level 1.5 Stealth
 + Level 13.1 Spellcasting
 - Level 11.8 Evocations


You had 12 spell levels left.
You knew the following spells:

 Your Spells              Type           Power      Damage    Failure   Level
a - Foxfire               Conj/Fire      100%       2x1d9     1%          1
b - Scorch                Fire           100%       2d10      1%          2
c - Kindle Blastsparks    Fire/Tloc/Air  100%       2d18      1%          3
d - Inner Flame           Hex/Fire       62%        N/A       1%          3
e - Flame Wave            Conj/Fire      62%        2d14      1%          4
f - Slow                  Hex            100%       N/A       1%          1
g - Static Discharge      Conj/Air       100%       2-7/arc   1%          2
h - Poisonous Vapours     Pois/Air       100%       N/A       1%          2
i - Teleport Other        Tloc           62%        N/A       1%          3
j - Petrify               Tmut/Erth      62%        N/A       1%          4
Your spell library was empty.

Dungeon Overview and Level Annotations

Branches:
Dungeon (1/1)

Altars:
Cheibriados
Dithmenos
Elyvilon
Fedhas
Gozag
Hepliaklqana
Makhleb
Nemelex Xobeh
Okawaru
Qazlal
Ru
Trog
Uskayaw
Wu Jian
Xom
Yredelemnul
Zin
The Shining One
Jiyva
Lugonu

Shops:
D =(*


Innate Abilities, Weirdness & Mutations

You are immune to sickness and miasma.
You are immune to poison.
Your flesh is very heat resistant. (rF++)
You are vulnerable to cold. (rC-)
You float through the air rather than walking.
You learn spells naturally, not from books.
Your magical power is your life essence.
You have superior vitality. (+4 MHP)


Message History

You are engulfed in blazing flames.
You resist.
The ice dragon is engulfed in blazing flames. x2
The ice dragon bites you. The ice dragon claws you.
The ice dragon tramples you but does no damage.
An eight-headed hydra comes into view.
The swamp drake simulacrum is engulfed in blazing flames.
The swamp drake simulacrum vaporises!
Really fly into that cloud of spreading flames? [Y]es or [N]o only, please.
Really fly into that cloud of spreading flames?
Okay, then.
Okay, then.
Blink to where?
Press: ? - help, Dir - move target
As you read the scroll of blinking, it crumbles to dust.
The ice dragon is engulfed in a forest fire.
The ice dragon is engulfed in blazing flames.
The eight-headed hydra is engulfed in blazing flames.
Unknown command.
Casting: Scorch (safe; 1% risk of failure)
Confirm with . or Enter, or press ? or * to list all spells.
You can't see any susceptible monsters within range! (Use Z to cast anyway.) Unknown command.
The ice dragon is engulfed in a forest fire.
You kill the ice dragon!
The ice dragon is engulfed in a forest fire.
The eight-headed hydra is engulfed in a forest fire.
Your Armour skill increases to level 7!
Unknown command.
Casting: Scorch (safe; 1% risk of failure)
Confirm with . or Enter, or press ? or * to list all spells.
Flames lash the ice dragon.
The ice dragon is burned terribly!
The ice dragon is almost dead.
The ice dragon's fire resistance burns away.
You are engulfed in blazing flames.
You resist.
The ice dragon is engulfed in a forest fire.
The ice dragon breathes frost at you. The blast of cold hits you!!!
You die...
Your body crumbles into a pile of gold.

***+####+######**♣.......##..##~
*,,,,,,,,,,,,,,,*♣......##.##.#~
**+*############+♣♣....##.##(##'
*,,,#~...........♣♣.....#.##...#
*,..+~~...########♣.....##.##..#
*,.J#~~~................##.#####
*,..#~~~~..........♣.......##...
*+#*###########'#############+##
**,****** #@♣♣..♣ ▓t..
**,*,,,*** #§§§§§♣ ▓≈§.
**,,,,,,,** #§§§§§#***** ▓§≈≈
**,,,,,,,,,** #D§§§§#,,~,* ▓≈≈≈
*,,,,***,,,,* #§§§§§#,,,,* ▓≈≈≈
*,,,**,**,,,* #§§§§D#,,,,* ▓≈≈≈
**,,*,,$*,,** #§§§§§#,,,** ▓≈≈~
*,,,**,**,,,* #§§D§§§#***** ▓≈~≈
*,,,,***,,,,* #♣♣♣$♣♣.~~~~* ▓~≈≈


You could see 2 ice dragons and an eight-headed hydra.

Vanquished Creatures
  A kraken (D)
  2 hydras (D)
  An ice dragon (D)
  Erica (D)
  A centaur warrior (D)
  4 death yaks (D)
  Urug (D)
  A death drake (D)
  A spriggan druid (D)
  A deep elf pyromancer (D)
  A lindwurm (D)
  An orc sorcerer (D)
  2 black mambas (D)
  2 cane toads (D)
  An unseen horror (D)
  A komodo dragon (D)
  A rime drake (D)
  3 wandering mushrooms (D)
  A queen bee (D)
  2 tyrant leeches (D)
  8 blink frogs (D)
  A shadow (D)
  2 spriggans (D)
  3 redbacks (D)
  A spatial vortex (D)
  A fire dragon simulacrum (D)
  An orc warrior (D)
  A swamp drake (D)
  3 black mamba simulacra (D)
  2 centaurs (D)
  An earth elemental (D)
  A necrophage (D)
  A water elemental (D)
  32 killer bees (D)
  An electric eel (D)
  A jelly (D)
  Crazy Yiuf (D)
  3 orc priests (D)
  A wizard (D)
  A necromancer (D)
  2 orc wizards (D)
  3 humans (D)
  A kobold demonologist (D)
  2 swamp drake simulacra (D)
  11 orcs (D)
  An endoplasm (D)
  3 rats (D)
  2 tentacles (D)
120 creatures vanquished.

Vanquished Creatures (others)
  54 foxfires (D)
  4 fungi (D)
  10 plants (D)
  12 tentacles (D)
80 creatures vanquished.

Grand Total: 200 creatures vanquished

Notes
Turn   | Place    | Note
-------+----------+-------------------------------------------
     0 | D        | rocky1 the Djinni Fire Elementalist began the quest for the
                  | Orb.
     0 | D        | rocky1 set off with the following spells memorised:
                  | Foxfire, Scorch, Kindle Blastsparks, Inner Flame, Flame
                  | Wave.
     0 | D        | Reached XP level 1. HP: 15/15 MP: 0/0
    15 | D        | Reached skill level 1 in Fighting
   242 | D        | Reached skill level 2 in Fighting
   242 | D        | Reached XP level 2. HP: 22/24 MP: 0/0
   242 | D        | Reached XP level 3. HP: 27/29 MP: 0/0
   242 | D        | Learned a level 1 spell: Slow
   447 | D        | Noticed Crazy Yiuf
   451 | D        | Killed Crazy Yiuf
   452 | D        | Reached skill level 3 in Fighting
   452 | D        | Reached skill level 5 in Spellcasting
   452 | D        | Reached XP level 4. HP: 13/37 MP: 0/0
   543 | D        | Noticed a water elemental
   547 | D        | Killed a water elemental
   548 | D        | Reached skill level 5 in Fighting
   548 | D        | Reached XP level 5. HP: 28/43 MP: 0/0
   548 | D        | Learned a level 2 spell: Static Discharge
   785 | D        | Noticed a shadow
   790 | D        | Killed a shadow
   791 | D        | Reached skill level 7 in Fighting
   791 | D        | Reached XP level 6. HP: 25/53 MP: 0/0
   904 | D        | Found a blossoming altar of Fedhas.
   904 | D        | Found a stormy altar of Qazlal.
   904 | D        | Found a snail-covered altar of Cheibriados.
   904 | D        | Found a burning altar of Makhleb.
   904 | D        | Found a shimmering altar of Xom.
   904 | D        | Noticed a spatial vortex
   905 | D        | Found a hazy altar of Hepliaklqana.
   905 | D        | Found an opulent altar of Gozag.
   905 | D        | Found a sparkling altar of Nemelex Xobeh.
   905 | D        | Found a corrupted altar of Lugonu.
   905 | D        | Found a viscous altar of Jiyva.
   914 | D        | Became a worshipper of Gozag Ym Sagoz the Greedy
   933 | D        | Found a glowing silver altar of Zin.
   933 | D        | Found a glowing golden altar of the Shining One.
   933 | D        | Found a white marble altar of Elyvilon.
   933 | D        | Noticed a deep elf pyromancer
   935 | D        | Noticed a fire elemental
   935 | D        | Noticed a fire elemental
   939 | D        | Killed a deep elf pyromancer
   940 | D        | Reached skill level 9 in Fighting
   940 | D        | Reached skill level 10 in Spellcasting
   940 | D        | Reached XP level 7. HP: 24/61 MP: 0/0
   940 | D        | Learned a level 2 spell: Poisonous Vapours
   940 | D        | Reached XP level 8. HP: 26/67 MP: 0/0
  1085 | D        | Reached skill level 1 in Long Blades
  1140 | D        | Found a hide-covered altar of Uskayaw.
  1140 | D        | Found an iron altar of Okawaru.
  1140 | D        | Found a bloodstained altar of Trog.
  1140 | D        | Found an ornate altar of the Wu Jian Council.
  1140 | D        | Noticed a human
  1140 | D        | Noticed a human
  1145 | D        | Killed a human
  1148 | D        | Killed a human
  1149 | D        | Reached skill level 10 in Fighting
  1429 | D        | Found a basalt altar of Yredelemnul.
  1429 | D        | Found a shadowy altar of Dithmenos.
  1429 | D        | Found a sacrificial altar of Ru.
  1497 | D        | Reached skill level 5 in Long Blades
  1497 | D        | Reached skill level 1 in Evocations
  1682 | D        | Noticed Erica
  1691 | D        | Killed Erica
  1692 | D        | Reached skill level 11 in Fighting
  1692 | D        | Reached skill level 5 in Evocations
  1692 | D        | Reached XP level 9. HP: 33/76 MP: 0/0
  1692 | D        | Learned a level 3 spell: Teleport Other
  1991 | D        | Noticed a centaur warrior
  1996 | D        | HP: 1/76 [centaur warrior (13)]
  1999 | D        | Killed a centaur warrior
  2000 | D        | Reached skill level 12 in Fighting
  2185 | D        | Found Kesusim's Jewellery Shoppe.
  2191 | D        | Noticed an orc sorcerer
  2200 | D        | Reached XP level 10. HP: 28/85 MP: 0/0
  2255 | D        | Killed an orc sorcerer
  2650 | D        | Bought an amulet of the acrobat for 300 gold pieces
  2650 | D        | Bought the ring "Ebbim" {Drain rF++ Will+ Int+2 Stlth+} for
                  | 509 gold pieces
  2650 | D        | Bought a +6 ring of dexterity for 360 gold pieces
  2791 | D        | Killed an unseen horror
  2792 | D        | Reached skill level 13 in Fighting
  2956 | D        | Reached skill level 10 in Long Blades
  2960 | D        | Reached skill level 14 in Fighting
  2960 | D        | Reached skill level 10 in Evocations
  3139 | D        | Bought a scroll of magic mapping for 112 gold pieces
  3139 | D        | Bought a scroll of butterflies for 60 gold pieces
  3139 | D        | Bought 3 scrolls of blinking for 337 gold pieces
  3139 | D        | Bought a scroll of torment for 142 gold pieces
  3139 | D        | Bought a scroll of identify for 30 gold pieces
  3139 | D        | Bought a scroll of fear for 60 gold pieces
  3139 | D        | Bought a scroll of fear for 60 gold pieces
  3139 | D        | Bought a scroll of identify for 30 gold pieces
  3139 | D        | Bought a scroll of butterflies for 60 gold pieces
  3147 | D        | Bought a glowing falchion for 210 gold pieces
  3147 | D        | Bought a glowing long sword for 227 gold pieces
  3147 | D        | Bought a runed great sword for 332 gold pieces
  3151 | D        | Bought a potion of mutation for 104 gold pieces
  3151 | D        | Bought a scroll of enchant armour for 97 gold pieces
  3151 | D        | Bought the +1 robe of the Three Heavens {rC+} for 256 gold
                  | pieces
  3151 | D        | Bought a lightning rod (4/4) for 390 gold pieces
  3222 | D        | Reached XP level 11. HP: 80/94 MP: 0/0
  3222 | D        | Learned a level 4 spell: Petrify
  3887 | D        | Reached skill level 15 in Fighting
  4281 | D        | Reached skill level 1 in Armour
  4419 | D        | Noticed a death yak
  4442 | D        | Noticed a death yak
  4446 | D        | Noticed a death yak
  4693 | D        | Noticed a lindwurm
  4713 | D        | Killed a lindwurm
  4850 | D        | Noticed a death yak
  4863 | D        | Noticed Urug
  4868 | D        | Killed Urug
  4930 | D        | Noticed an eight-headed hydra
  4930 | D        | Noticed a five-headed hydra
  4937 | D        | Noticed a death drake
  4938 | D        | Killed an eight-headed hydra
  4939 | D        | Reached skill level 5 in Dodging
  4939 | D        | Reached XP level 12. HP: 14/103 MP: 0/0
  4941 | D        | Killed a five-headed hydra
  5203 | D        | Killed a death drake
  5246 | D        | Noticed a kraken
  5372 | D        | Killed a kraken
  5373 | D        | Reached skill level 16 in Fighting
  5373 | D        | Reached skill level 5 in Armour
  5575 | D        | Noticed an alligator snapping turtle
  5575 | D        | Noticed an alligator snapping turtle
  5690 | D        | Found a blossoming altar of Fedhas.
  5690 | D        | Noticed a spriggan druid
  5701 | D        | Killed a spriggan druid
  6435 | D        | Killed a death yak
  6438 | D        | Killed a death yak
  6442 | D        | Killed a death yak
  6446 | D        | Killed a death yak
  6682 | D        | Noticed an azure jelly
  6682 | D        | Noticed an azure jelly
  6708 | D        | Noticed an ice dragon
  6710 | D        | Noticed an ice dragon
  6714 | D        | Noticed an ice dragon
  6715 | D        | Noticed an eight-headed hydra
  6717 | D        | Killed an ice dragon
  6718 | D        | Killed from afar by an ice dragon

Illustrated notes

Levels and vault maps discovered:
D:        dungeon_sprint_mu [sprint_mu_entry_cave, sprint_mu_temple_rooms,
          sprint_mu_d1_horrors, sprint_mu_d2_genie, sprint_mu_d3_branching,
          sprint_mu_orc_legion, sprint_mu_elf_gauntlet, sprint_mu_hive_nellie,
          sprint_mu_lair_fedhas, sprint_mu_vaults_butterflies,
          sprint_mu_slime_circle, sprint_mu_swamp_cave, sprint_mu_shoals_kraken,
          sprint_mu_blade_basic, sprint_mu_crypt_fortress,
          sprint_mu_tomb_spiral, sprint_mu_vestibule_basic,
          sprint_mu_gehenna_hellfire, sprint_mu_dis_giant,
          sprint_mu_tartarus_statrot, sprint_mu_cocytus_islands, sprint_mu_zot1]

Skill      XL: |  1  2  3  4  5  6  7  8  9 10 11 12 |
---------------+-------------------------------------+-----
Fighting       | 2 3 5 7 9 11 12 14 15 16 | 16.7
Spellcasting   | 4 5 6 8 10 11 12 13 | 13.1
Long Blades    | 6 8 10 12 13 | 13.5
Evocations     | 5 7 10 11 | 11.8
Armour         | 4 7 |  7.1
Dodging        | 5 8 |  8.3
Stealth        | |  1.5

Action                   |  1- 3 |  4- 6 |  7- 9 | 10-12 || total
-------------------------+-------+-------+-------+-------++-------
Melee: Unarmed           |       |     1 |       |       ||     1
       Long sword        |       |       |    17 |    20 ||    37
       Punch             |       |       |     1 |       ||     1
       Scimitar          |       |       |    13 |    34 ||    47
 Cast: Foxfire           |    18 |       |       |    15 ||    33
       Scorch            |     3 |    16 |    39 |   122 ||   180
       Flame Wave        |       |       |       |    16 ||    16
       Poisonous Vapours |       |       |       |     3 ||     3
       Kindle Blastspark |       |       |       |     1 ||     1
       Petrify           |       |       |       |     1 ||     1
Invok: Call Merchant     |       |       |       |     3 ||     3
       Potion Petition   |       |       |       |     4 ||     4
  Use: Potion            |     1 |       |     2 |       ||     3
       Scroll            |       |       |       |     9 ||     9
 Stab: Distracted        |       |       |       |     1 ||     1
       Invisible         |       |       |       |     9 ||     9
Armor: Robe              |     1 |     5 |     5 |    19 ||    30
       Skin              |       |       |       |     1 ||     1
Dodge: Dodged            |     7 |     9 |    23 |   107 ||   146

Table legend: (Time is in decaauts)
 A = Elapsed time spent in this place.
 B = Non-inter-level travel time spent in this place.
 C = Inter-level travel time spent in this place.
 D = Time resting spent in this place.
 E = Time spent auto-exploring this place.
 F = Levels seen in this place.
 G = Mean time per level.
                   A        B        C        D        E       F      G
               +--------+--------+--------+--------+--------+-----+--------+
         Total |   6720 |   6720 |      0 |   5021 |      0 |   1 | 6720.0 |
       Dungeon |   6720 |   6720 |      0 |   5021 |      0 |   1 | 6720.0 |
               +--------+--------+--------+--------+--------+-----+--------+

Top non-repeatable levels by time:
       D: 6720 daAuts
